 Dungeon Crawl Stone Soup version 0.30.1 (webtiles) character file.

Game seed: 2479024800405462337

5546 monsoonserge the Protected (level 11, 0/126 (138) HPs)
             Began as a Meteoran Fighter on July 8, 2023.
             Was a Priest of Okawaru.
             Slain by a wight
             ... wielding a +3 hand axe
              (3 damage)
             ... on level 8 of the Dungeon.
             The game lasted 00:30:18 (4147 turns).

monsoonserge the Protected (Meteoran Fighter)       Turns: 4147, Time: 00:30:18

HP:   0/126 (138)   AC: 17    Str: 21    XL:     11   Next: 21%
MP:   15/15         EV:  2    Int: 12    God:    Okawaru [***...]
Gold: 368           SH: 10    Dex: 13    Spells: 10/10 levels left

rFire   + . .        x - +4 spear (vamp)
rCold   . . .        y - +0 kite shield
rNeg    . . .        l - melded +0 plate armour
rPois   +            (helmet currently unavailable)
rElec   .            (cloak currently unavailable)
rCorr   .            u - melded +1 pair of gloves
SInv    +            D - melded +0 pair of boots
Will    +....        (no amulet)
Stlth   +            w - ring of see invisible
HPRegen 0.41/turn    c - ring of protection from fire
MPRegen 0.14/turn

%: no passive effects
@: tree-form, corroded, attractive, glowing, drained
A: stationary, stasis, torment immunity, boosted hp, sense surroundings 2,
otherworldly, glowing, explore regen
a: Renounce Religion, Heroism


You were on level 8 of the Dungeon.
You worshipped Okawaru.
Okawaru was most pleased with you.
You were a tree.
You visited 2 branches of the dungeon, and saw 9 of its levels.

You collected 368 gold pieces.

Inventory:

Hand Weapons
 x - a +4 vampiric spear (weapon)
Missiles
 e - 17 poisoned darts (quivered)
 o - a curare-tipped dart
Armour
 l - a +0 plate armour (melded)
 u - a +1 pair of gloves (melded)
 y - a +0 kite shield (worn)
 D - a +0 pair of boots (melded)
Jewellery
 c - a ring of protection from fire (right branch)
 w - a ring of see invisible (left branch)
Wands
 b - a wand of roots (7)
 j - a wand of light (4)
Scrolls
 a - a scroll of vulnerability {unknown}
 f - a scroll of butterflies {unknown}
 g - 3 scrolls of brand weapon
 i - a scroll of silence {unknown}
 k - 2 scrolls of magic mapping
 n - a scroll of identify
 q - a scroll of fear {unknown}
 r - a scroll of poison {unknown}
 t - 2 scrolls of fog {unknown}
 v - 2 scrolls of teleportation {unknown}
 B - a scroll of enchant weapon {unknown}
 C - a scroll of enchant armour {unknown}
Potions
 d - a potion of might
 h - 3 potions of haste
 m - 2 potions of curing
 p - a potion of attraction
 s - a potion of lignification
 z - a potion of flight {unknown}
 A - a potion of berserk rage {unknown}


   Skills:
 + Level 7.5 Fighting
 - Level 8.4(10.2) Axes
 + Level 9.0(10.5) Polearms
 + Level 0.7 Throwing
 + Level 10.1 Armour
 + Level 2.3 Dodging
 + Level 7.0 Shields
 + Level 4.0 Invocations
 + Level 0.1 Evocations


You had 10 spell levels left.
You didn't know any spells.
Your spell library contained the following spells:

 Spells                   Type           Power      Damage    Failure   Level
 Beastly Appendage        Tmut           0%         N/A       56%         1
 Foxfire                  Conj/Fire      0%         2x1d4     56%         1
 Sandblast                Erth           0%         2d4       56%         1
 Passwall                 Tmut/Erth      0%         N/A       71%         2
 Wereblood                Tmut           0%         N/A       71%         2
 Spider Form              Tmut/Pois      0%         N/A       90%         3
 Stone Arrow              Conj/Erth      0%         3d7       90%         3
 Vhi's Electric Charge    Tloc/Air       0%         N/A       90%         3
 Arcjolt                  Conj/Air       0%         1d10      100%        5
 Fireball                 Conj/Fire      0%         3d3       100%        5
 Plasma Beam              Fire/Air       0%         2x1d11    100%        6
 Starburst                Conj/Fire      0%         6d3       100%        6
 Animate Dead             Necr           Unusable   N/A       N/A         4
 Haunt                    Necr/Summ      Unusable   N/A       N/A         7
 Infestation              Necr           Unusable   N/A       N/A         8

Dungeon Overview and Level Annotations

Branches:
Dungeon (8/15) Zot: 739    Temple (1/1) D:6 Zot: 504
   Lair: D:8-11

Altars:
Ashenzari
Cheibriados
Dithmenos
Elyvilon
Fedhas
Gozag
Hepliaklqana
Kikubaaqudgha
Makhleb
Nemelex Xobeh
Okawaru
Qazlal
Ru
Sif Muna
Trog
Uskayaw
Vehumet
Wu Jian
Xom
Yredelemnul
The Shining One

Shops:
D:2 [

Annotations:
D:8 Amaemon


Innate Abilities, Weirdness & Mutations

You are a tree.
Your roots penetrate the ground, keeping you stationary.
You cannot be teleported.
You are immune to unholy pain and torment.
Your maximum health is greatly increased.
Your equipment is partially melded.
You passively map the area around you.
You are easily found by Zot.
You glow in the dark.
You regain HP and MP as you explore.


Message History

The wight is almost destroyed.
You hit the wight but do no damage.
The wight is almost destroyed.
The wight hits you with a +3 hand axe.
* * * LOW HITPOINT WARNING * * *
The jelly hits you.
* * * LOW HITPOINT WARNING * * *
The acid corrodes you!
You are splashed with acid!
* * * LOW HITPOINT WARNING * * *
You hit the wight but do no damage.
The wight is almost destroyed.
The wight hits you but does no damage. You block the jelly's attack.
You hit the wight but do no damage.
The wight is almost destroyed.
You closely miss the wight.
The wight is almost destroyed.
The wight hits you but does no damage. You block the jelly's attack.
You hit the wight but do no damage.
The wight is almost destroyed.
The wight hits you with a +3 hand axe.
* * * LOW HITPOINT WARNING * * *
You feel drained. The jelly hits you but does no damage.
You completely miss the wight.
The wight is almost destroyed.
You closely miss the wight.
The wight is almost destroyed.
The wight completely misses you. The jelly hits you.
* * * LOW HITPOINT WARNING * * *
The acid corrodes you!
You are splashed with acid!
* * * LOW HITPOINT WARNING * * *
Unknown command.
It was a potion of attraction.
You feel attractive to monsters. You block the wight's attack.
The jelly barely misses you.
It was a potion of lignification.
You turn into a tree.
Your +1 pair of gloves melds into your body.
Your +0 pair of boots melds into your body.
Your +0 plate armour melds into your body.
Your roots penetrate the ground.
The wight hits you with a +3 hand axe.
You die...

, , #.....
*,..... , , * *
.._.. ...... ,
*,, ##* ,.
..##...... *
...#. #.
..#......, .....
...##.##........
, ##...#
*#.........# , ,
, * ##...#
######..#...... ,
,, #...###
##zJ##,....., ,
......### #.♣##
...., ,
........## ##.##
, , ...
.........## ##..#
,, ,..
#.........###..##
, . *
...........#..##
, , ,,
.............## *
, ,
............## ,
> , ,, *
...........## ,,
, ...........# **
, ,, , ,


You could see a jelly and a wight.

Vanquished Creatures
  A two-headed ogre (D:8)
  Pikel (D:8)
  Prince Ribbit (D:5)
  Grinder (D:5)
  Eustachio (D:5)
  A human (D:7)
  6 yaks (D:8)
  3 black bears
  2 sky beasts (D:7)
  4 ice beasts
  An ogre (D:4)
  A centaur (D:5)
  A kobold brigand (D:7)
  4 bullfrogs
  A gnoll sergeant (D:5)
  11 wights
  A scorpion (D:6)
  3 killer bees (D:8)
  2 electric eels (D:7)
  4 hounds
  2 orc priests
  2 jellies
  3 orc wizards
  3 sleepcaps
  A human skeleton (D:7)
  6 iguanas
  A mummy (D:4)
  5 adders
  6 gnolls
  A white imp (D:7)
  An ufetubus (D:6)
  2 worms
  12 dart slugs
  8 orcs
  7 ball pythons
  3 endoplasms
  5 giant cockroaches
  10 goblins
  4 hobgoblins
  10 kobolds
  A quokka (D:1)
  3 bats
  2 frilled lizards (D:2)
  2 kobold skeletons (D:7)
  7 rats
157 creatures vanquished.

Vanquished Creatures (others)
  A white imp (D:7)
1 creature vanquished.

Grand Total: 158 creatures vanquished

Notes
Turn   | Place    | Note
-------+----------+-------------------------------------------
     0 | D:1      | monsoonserge the Meteoran Fighter began the quest for the
                  | Orb.
     0 | D:1      | Reached XP level 1. HP: 19/19 MP: 2/2
     3 | D:1      | Noticed an electric eel
     3 | D:1      | Noticed an electric eel
    72 | D:1      | Reached XP level 2. HP: 26/26 MP: 3/3
   261 | D:2      | Reached skill level 4 in Armour
   306 | D:2      | Reached XP level 3. HP: 25/31 MP: 4/4
   375 | D:2      | Found Riukhan's Antique Armour Emporium.
   500 | D:3      | Found an ornate altar of the Wu Jian Council.
   503 | D:3      | Reached XP level 4. HP: 40/40 MP: 5/5
   698 | D:3      | Found a sacrificial altar of Ru.
   846 | D:3      | Found a shimmering blue altar of Sif Muna.
   851 | D:3      | Found a hazy altar of Hepliaklqana.
   854 | D:3      | Found a shimmering altar of Xom.
   995 | D:2      | Reached XP level 5. HP: 43/46 MP: 6/6
  1006 | D:2      | Reached skill level 1 in Dodging
  1070 | D:3      | Reached skill level 5 in Armour
  1381 | D:4      | Found a snail-covered altar of Cheibriados.
  1537 | D:4      | Noticed an ogre
  1547 | D:4      | Killed an ogre
  1548 | D:4      | Reached XP level 6. HP: 16/52 MP: 7/7
  1774 | D:5      | Entered Level 5 of the Dungeon
  1774 | D:5      | Noticed an ice beast
  1789 | D:5      | Killed an ice beast
  1790 | D:5      | Reached skill level 5 in Axes
  1790 | D:5      | Reached skill level 6 in Armour
  1790 | D:5      | Reached XP level 7. HP: 46/60 MP: 8/8
  1909 | D:5      | Noticed Eustachio
  1917 | D:5      | Killed Eustachio
  1918 | D:5      | Reached skill level 5 in Fighting
  1918 | D:5      | Reached XP level 8. HP: 66/68 MP: 9/9
  2080 | D:5      | Reached skill level 7 in Armour
  2122 | D:5      | Noticed Grinder
  2142 | D:5      | Killed Grinder
  2174 | D:5      | Noticed Prince Ribbit
  2243 | D:5      | Killed Prince Ribbit
  2244 | D:5      | Gained mutation: You passively map the area around you.
                  | [Meteoran growth]
  2244 | D:5      | Reached XP level 9. HP: 62/75 MP: 10/10
  2509 | D:6      | Found a staircase to the Ecumenical Temple.
  2522 | Temple   | Entered the Ecumenical Temple
  2597 | Temple   | Became a worshipper of Warmaster Okawaru
  2653 | D:6      | Reached skill level 8 in Armour
  2702 | D:6      | Found a stormy altar of Qazlal.
  2712 | D:6      | Reached skill level 5 in Shields
  2729 | D:6      | Reached skill level 1 in Polearms
  2872 | D:7      | Found a shadowy altar of Dithmenos.
  2872 | D:7      | Found a broken altar of Ashenzari.
  2962 | D:7      | Reached * piety under Okawaru
  3049 | D:7      | Found a runed translucent door.
  3054 | D:7      | Found a basalt altar of Yredelemnul.
  3074 | D:7      | Reached XP level 10. HP: 84/84 MP: 11/11
  3115 | D:7      | Reached skill level 9 in Armour
  3307 | D:8      | Reached skill level 5 in Polearms
  3321 | D:8      | Reached skill level 1 in Invocations
  3324 | D:8      | Reached ** piety under Okawaru
  3450 | D:7      | Noticed Pikel
  3476 | D:8      | Killed Pikel
  3739 | D:8      | Noticed an orange demon
  3740 | D:8      | Noticed Amaemon
  3823 | D:8      | Noticed a two-headed ogre
  3893 | D:8      | Reached XP level 11. HP: 89/92 MP: 13/15
  3901 | D:8      | Killed a two-headed ogre
  3901 | D:8      | Reached *** piety under Okawaru
  3930 | D:8      | Reached skill level 10 in Armour
  4007 | D:8      | Found a glowing golden altar of the Shining One.
  4042 | D:8      | Found a bloodstained altar of Trog.
  4115 | D:8      | Found a sparkling altar of Nemelex Xobeh.
  4145 | D:8      | HP: 1/84 [acid (8)]
  4147 | D:8      | Slain by a wight

Illustrated notes

Levels and vault maps discovered:
D:1:      arrival_aquarium_b, layout_basic
D:2:      layout_basic, serial_shops, nicolae_shop_hallway_stairs
D:3:      layout_basic, minmay_overflow_temple_star_quad,
          nicolae_wu_jian_immortal_techniques, nicolae_ru_path_of_blood,
          hex_large
D:4:      layout_gridville, slow_altar_1
D:5:      layout_loops_ring, uniq_eustachio, uniq_grinder, uniq_prince_ribbit1
D:6:      layout_basic, zin_treasury, minmay_temple_entry_crystal_x,
          hangedman_feature_mirror
D:7:      kennysheep_slugbush, layout_rooms, dk_yredelemnul_ordeal,
          nicolae_overflow_two_pavilions, uniq_pikel
D:8:      layout_cave_pods, mainiacjoe_overflow_small_starburst,
          mainiacjoe_overflow_two_lobes, uniq_amaemon
Temple:   compressed_dpeg_triangle_lava_temple

Skill      XL: |  1  2  3  4  5  6  7  8  9 10 11 |
---------------+----------------------------------+-----
Armour         | 4 5 6 7 8 9 10 | 10.1
Axes           | 3 5 6 8 |  8.4
Shields        | 4 5 6 7 |  7.0
Fighting       | 4 5 6 7 |  7.5
Dodging        | 1 2 |  2.3
Polearms       | 4 8 9 |  9.0
Invocations    | 4 |  4.0
Throwing       | |  0.7
Evocations     | |  0.1

Action                     |  1- 3 |  4- 6 |  7- 9 | 10-12 || total
---------------------------+-------+-------+-------+-------++-------
  Melee: War axe           |    75 |   122 |   126 |       ||   323
         Spear             |       |       |   180 |   377 ||   557
  Throw: Dart              |       |     3 |     2 |       ||     5
 Invoke: Heroism           |       |       |       |     3 ||     3
  Evoke: Wand              |       |       |     1 |     1 ||     2
    Use: Scroll            |       |     1 |     3 |       ||     4
         Potion            |       |       |       |     3 ||     3
 Armour: Scale mail        |    52 |     4 |       |       ||    56
         Plate armour      |       |    81 |   166 |   124 ||   371
  Dodge: Dodged            |    22 |    32 |    71 |    32 ||   157
  Block: Buckler           |    13 |    32 |    43 |       ||    88
         Kite shield       |       |       |    68 |   118 ||   186
